 Dungeon Crawl Stone Soup version 0.27-a0-1281-ge233d83751 (webtiles) character file.

Game seed: 13675192801087511108

801853 Bnni the Englaciator (level 27, -17/227 HPs)
             Began as an Octopode Ice Elementalist on June 12, 2021.
             Was the Champion of Vehumet.
             Killed from afar by a hellion (30 damage)
             ... with damnation
             ... on level 1 of Tartarus on June 14, 2021.
             The game lasted 10:52:17 (96311 turns).

Bnni the Englaciator (Octopode Ice Elementalist)   Turns: 96311, Time: 10:52:20

Health: -17/227    AC: 17    Str:  9    XL:     27
Magic:  24/48      EV: 19    Int: 39    God:    Vehumet [******]
Gold:   4225       SH: 12    Dex: 11    Spells: 4/68 levels left

rFire    + + +     SeeInvis +   p - +9 demon whip (flame)
rCold    + + +     Faith    .   I - +3 buckler {AC+3}
rNeg     + + +     Spirit   .   t - +3 crown of Dyrovepreva {rElec Int+2 SInv}
rPois    +         Reflect  +   v - amulet "Umik" {Reflect rC+ Will+ SH+5}
rElec    +         Harm     .   f - ring of Pawnaf {rPois rN+ SInv}
rCorr    +         Rampage  .   Y - +4 ring of protection
Will     ++++.                  N - ring of positive energy
Stlth    +++++.....             U - ring of Wishful Thinking {rElec rPois rC++ Will+ Dex-2}
HPRegen  0.47/turn              q - +4 ring of protection
MPRegen  0.31/turn              y - ring of Generosity {Fly rPois rCorr Int+4 Dex-3}
                                a - ring "Ublam" {rPois rF+ rC+}
                                x - ring "Yguaggas" {rF++ rN+ Int+6}

@: sluggish, flying, very slow
A: almost no armour, amphibious, 8 rings, camouflage 1, gelatinous body 1,
(nimble swimmer 1), tentacles, iridescent scales 1, robust 1, strong 1, subdued
magic 1
}: 6/15 runes: serpentine, barnacled, slimy, silver, obsidian, abyssal
a: Renounce Religion


You were on level 1 of Tartarus.
You worshipped Vehumet.
Vehumet was exalted by your worship.
You visited 14 branches of the dungeon, and saw 63 of its levels.
You visited the Abyss 5 times.
You visited 1 bazaar.
You also visited: Bailey and Volcano.

You collected 12748 gold pieces.
You spent 8523 gold pieces at shops.

Inventory:

Hand Weapons
 p - a +9 demon whip of flaming (weapon)
 C - the +5 demon whip "Spellbinder" {antimagic, Will+}
   (You found it on level 5 of the Pits of Slime)

   It reduces the magical energy of the wielder, and disrupts the spells and
   magical abilities of those hit.
   Natural abilities and divine invocations are not affected.
   It increases your willpower.
Armour
 t - the +3 crown of Dyrovepreva (worn) {rElec Int+2 SInv}
   (You bought it in a shop on level 1 of the Elven Halls)

   It affects your intelligence (+2).
   It insulates you from electricity.
   It lets you see invisible.
 I - a +3 buckler of protection (worn)
Magical Staves
 h - a staff of cold
Jewellery
 a - the ring "Ublam" (on tentacle) {rPois rF+ rC+}
   (You bought it in a shop in a bazaar)

   [ring of protection from fire]

   It protects you from fire.
   It protects you from cold.
   It protects you from poison.
 f - the ring of Pawnaf (left tentacle) {rPois rN+ SInv}
   (You found it on level 3 of the Vaults)

   [ring of poison resistance]

   It protects you from poison.
   It protects you from negative energy.
   It lets you see invisible.
 g - a +4 ring of protection
 k - a ring of magical power
 q - a +4 ring of protection (on tentacle)
 v - the amulet "Umik" (around mantle) {Reflect rC+ Will+ SH+5}
   (You bought it in a shop on level 7 of the Dungeon)

   [amulet of reflection]

   It reflects blocked missile attacks.
   It protects you from cold.
   It affects your SH (+5).
   It increases your willpower.
 x - the ring "Yguaggas" (on tentacle) {rF++ rN+ Int+6}
   (You bought it in a shop on level 7 of the Dungeon)

   [ring of positive energy]

   It affects your intelligence (+6).
   It greatly protects you from fire.
   It protects you from negative energy.
 y - the ring of Generosity (on tentacle) {Fly rPois rCorr Int+4 Dex-3}
   (You acquired it on level 3 of the Crypt)

   [ring of poison resistance]

   It affects your intelligence (+4).
   It affects your dexterity (-3).
   It protects you from poison.
   It grants you flight.
   It protects you from acid and corrosion.
 N - a ring of positive energy (on tentacle)
 P - a +4 ring of protection
 U - the ring of Wishful Thinking (on tentacle) {rElec rPois rC++ Will+ Dex-2}
   (You found it on level 6 of the Lair of Beasts)

   [ring of poison resistance]

   It affects your dexterity (-2).
   It greatly protects you from cold.
   It insulates you from electricity.
   It protects you from poison.
   It increases your willpower.
 Y - a +4 ring of protection (right tentacle)
Wands
 i - a wand of paralysis (35)
 o - a wand of digging (22)
 s - a wand of iceblast (30)
 K - a wand of acid (23)
 R - a wand of flame (119)
 S - a wand of mindburst (7)
Scrolls
 c - 5 scrolls of fear
 d - 33 scrolls of identify
 e - 8 scrolls of fog
 m - 7 scrolls of amnesia
 z - 2 scrolls of holy word
 H - 3 scrolls of silence
 L - 2 scrolls of blinking
 O - 8 scrolls of teleportation
 V - 10 scrolls of magic mapping
Potions
 j - 3 potions of resistance
 l - 5 potions of mutation
 r - a potion of ambrosia
 w - 3 potions of cancellation
 B - 5 potions of might
 D - 28 potions of curing
 E - 3 potions of haste
 F - 6 potions of brilliance
 J - 3 potions of heal wounds
 W - 2 potions of berserk rage
 Z - 4 potions of magic
Miscellaneous
 b - a lightning rod (4/4)
 u - a box of beasts
 Q - a phantom mirror
 T - a phial of floods
 X - a condenser vane


   Skills:
 + Level 22.1 Fighting
 * Level 4.8(9.2) Maces & Flails
 - Level 12.0(12.3) Staves
 - Level 17.0 Dodging
 - Level 10.0 Stealth
 - Level 4.0 Shields
 - Level 21.0 Spellcasting
 - Level 12.0 Conjurations
 - Level 21.0 Necromancy
 - Level 4.0 Translocations
 O Level 27 Ice Magic
 - Level 3.0 Evocations


You had 4 spell levels left.
You knew the following spells:

 Your Spells              Type           Power      Damage    Failure   Level
a - Sublimation of Blood  Necr           51%        N/A       0%          2
b - Swiftness             Air            31%        N/A       1%          3
c - Ozocubu's Armour      Ice            100%       N/A       0%          3
d - Hailstorm             Conj/Ice       99%        3d19      0%          4
e - Ice Form              Ice/Tmut       85%        N/A       0%          4
f - Blink                 Tloc           N/A        N/A       1%          2
g - Freezing Cloud        Conj/Ice/Air   41%        6-21      1%          5
h - Polar Vortex          Ice            57%        N/A       1%          9
i - Ozocubu's Refrigerat  Ice            57%        4d16      0%          7
j - Orb of Destruction    Conj           40%        9d14      1%          7
k - Death's Door          Necr           51%        N/A       9%          9
l - Apportation           Tloc           100%       N/A       1%          1
m - Borgnjor's Revivific  Necr           51%        N/A       1%          8

Your spell library contained the following spells:

 Spells                   Type           Power      Damage    Failure   Level
 Eringya's Noxious Bog    Tmut/Pois      15%        N/A       21%         6
 Animate Skeleton         Necr           100%       N/A       0%          1
 Freeze                   Ice            100%       1d11      0%          1
 Magic Dart               Conj           100%       1d8       0%          1
 Pain                     Necr           100%       1d9       0%          1
 Corpse Rot               Necr/Air       N/A        N/A       0%          2
 Frozen Ramparts          Ice            100%       1d12      0%          3
 Vampiric Draining        Necr           51%        2d13      0%          3
 Animate Dead             Necr           51%        N/A       0%          4
 Dispel Undead            Necr           100%       3d31      0%          4
 Beastly Appendage        Tmut           62%        N/A       1%          1
 Corona                   Hex            34%        N/A       1%          1
 Foxfire                  Conj/Fire      100%       2x1d9     1%          1
 Sandblast                Erth           62%        2d14      1%          1
 Shock                    Conj/Air       100%       1d9       1%          1
 Sting                    Tmut/Pois      100%       1d8       1%          1
 Summon Small Mammal      Summ           100%       N/A       1%          1
 Call Imp                 Summ           31%        N/A       1%          2
 Passwall                 Tmut/Erth      25%        N/A       1%          2
 Poisonous Vapours        Pois/Air       62%        N/A       1%          2
 Slow                     Hex            31%        N/A       1%          2
 Static Discharge         Conj/Air       61%        N/A       1%          2
 Wereblood                Tmut           31%        N/A       1%          2
 Confusing Touch          Hex            31%        N/A       1%          3
 Conjure Flame            Conj/Fire      61%        6-21      1%          3
 Gell's Gravitas          Tloc           26%        N/A       1%          3
 Ignite Poison            Fire/Tmut/Pois 31%        N/A       1%          3
 Inner Flame              Hex/Fire       31%        N/A       1%          3
 Lesser Beckoning         Tloc           26%        N/A       1%          3
 Mephitic Cloud           Conj/Pois/Air  53%        N/A       1%          3
 Spider Form              Tmut/Pois      15%        N/A       1%          3
 Stone Arrow              Conj/Erth      100%       3d13      1%          3
 Teleport Other           Tloc           53%        N/A       1%          3
 Tukima's Dance           Hex            31%        N/A       1%          3
 Airstrike                Air            15%        N/A       1%          4
 Olgreb's Toxic Radiance  Pois           31%        N/A       1%          4
 Sticky Flame             Conj/Fire      61%        2d8       1%          4
 Cause Fear               Hex            15%        N/A       4%          4
 Leda's Liquefaction      Hex/Erth       15%        N/A       4%          4
 Petrify                  Tmut/Erth      31%        N/A       4%          4
 Agony                    Necr           100%       N/A       0%          5
 Excruciating Wounds      Necr           51%        N/A       0%          5
 Death Channel            Necr           51%        N/A       0%          6
 Simulacrum               Ice/Necr       54%        N/A       0%          6
 Bolt of Magma            Conj/Fire/Erth 26%        4d12      1%          5
 Borgnjor's Vile Clutch   Necr/Erth      38%        N/A       1%          5
 Fireball                 Conj/Fire      30%        3d13      1%          5
 Irradiate                Conj/Tmut      30%        3d23      1%          5
 Iskenderun's Battlesphe  Conj           80%        2d13      1%          5
 Lightning Bolt           Conj/Air       30%        1d47      1%          5
 Metabolic Englaciation   Hex/Ice        42%        N/A       1%          5
 Iron Shot                Conj/Erth      30%        9d6       1%          6
 Starburst                Conj/Fire      30%        8x6d9     1%          6
 Infestation              Necr           51%        N/A       1%          8
 Manifold Assault         Tloc           53%        N/A       2%          5
 Lee's Rapid Deconstruct  Erth           15%        3d11*     4%          5
 Yara's Violent Unravell  Hex/Tmut       15%        3d8       4%          5
 Summon Forest            Summ/Tloc      21%        N/A       6%          5
 Spellforged Servitor     Conj/Summ      30%        N/A       11%         7
 Alistair's Intoxication  Tmut/Pois      20%        N/A       14%         5
 Silence                  Hex/Air        15%        N/A       14%         5
 Summon Mana Viper        Hex/Summ       31%        N/A       14%         5
 Necromutation            Tmut/Necr      38%        N/A       43%         8
 Lehudib's Crystal Spear  Conj/Erth      30%        10d8      58%         8
 Invisibility             Hex            15%        N/A       63%         6
 Shadow Creatures         Summ           N/A        N/A       63%         6
 Statue Form              Tmut/Erth      20%        N/A       63%         6
 Summon Hydra             Summ           15%        N/A       99%         7
 Discord                  Hex            15%        N/A       100%        8
 Ignition                 Fire           15%        3d6       100%        8
 Chain Lightning          Conj/Air       30%        3d40      100%        9
 Fire Storm               Conj/Fire      30%        8d8       100%        9
 Shatter                  Erth           15%        3d15*     100%        9
 Animate Armour           Summ/Erth      Unusable   N/A       N/A         4

Dungeon Overview and Level Annotations

Branches:
Dungeon (15/15)            Temple (1/1) D:7            Lair (6/6) D:10
 Shoals (4/4) Lair:2        Snake (4/4) Lair:3        Slime (5/5) Lair:5
    Orc (2/2) D:11            Elf (3/3) Orc:2        Vaults (5/5) D:13
  Crypt (3/3) Vaults:3       Tomb (0/3) Crypt:3      Depths (5/5) D:15
   Hell (visited)             Dis (0/7) Hell            Geh (7/7) Hell
    Coc (0/7) Hell            Tar (2/7) Hell            Zot (0/5) Depths:5
 Bailey (visited)         Volcano (visited)

Altars:
Ashenzari
Cheibriados
Dithmenos
Elyvilon
Fedhas
Gozag
Hepliaklqana
Kikubaaqudgha
Makhleb
Nemelex Xobeh
Okawaru
Qazlal
Ru
Sif Muna
Trog
Vehumet
Wu Jian
Xom
Yredelemnul
Zin
The Shining One
Jiyva
Lugonu

Shops:
D:3 !   D:4 !   D:6 :   D:7 [*=   D:9 [   Orc:2 :([(=(   Elf:1 [   Shoals:3 *
Snake:4 :=:   Vaults:1 ?   Vaults:3 (   Vaults:4 (

Portals:
Hell: Depths:1 Depths:2 Depths:3 Depths:4 Depths:5
Abyss: Depths:1 Depths:2 Depths:3 Depths:4
Pandemonium: Depths:2 Depths:3
Ziggurat: Depths:3
Trove: Vaults:2 (give 7 potions of haste)

Annotations:
Snake:2 Vashnia


Innate Abilities, Weirdness & Mutations

You cannot wear most types of armour.
You are amphibious.
You can wear up to eight rings at the same time.
Your skin changes colour to match your surroundings (Stealth+).
Your rubbery body absorbs attacks. (AC +1, EV +1)
((You are camouflaged near water. (Stealth+)))
You have tentacles for arms and can constrict up to eight enemies at once.
You are partially covered in iridescent scales. (AC +2)
You are robust. (+10% HP)
Your muscles are strong. (Str +2)
Your spells are a little easier to cast, but a little less powerful.


Message History

Confirm with . or Enter, or press ? or * to list all spells.
Your icy armour will break if you move.
Continue?
You blink.
Your icy armour cracks and falls away as you move.
You whack the death drake! You burn the death drake.
The death drake is almost dead.
You block the death drake's attack.
You hit the death drake. You burn the death drake.
You kill the death drake!
Vehumet accepts your kill.
You feel your power returning.
You see here a death drake corpse.
Unknown command.
You can drink potions again.
Casting: Blink (safe; 1% risk of failure)
Confirm with . or Enter, or press ? or * to list all spells.
You feel quick.
You feel yourself speed up.
You start to feel a little slower.
A hellion comes into view.
The hellion gives a hideous shriek!
The hellion gestures at you.
The sphere of damnation explodes!
The damnation engulfs you!!
* * * LOW HITPOINT WARNING * * *
You hear a hideous shriek! x5
As you read the scroll of fog, it crumbles to dust.
The scroll dissolves into smoke.
The hellion gestures at you.
The sphere of damnation explodes!
The damnation engulfs you!
* * * LOW HITPOINT WARNING * * *
You feel sluggish.
A flying skull comes into view.
You feel much better.
A flying skull comes into view.
The hellion gestures at you.
The sphere of damnation explodes!
The damnation engulfs you!!
* * * LOW HITPOINT WARNING * * *
The hellion gestures at you.
The sphere of damnation explodes!
The damnation engulfs you!!
You die...

#############################
#...........................#
##..........................#
#.........§§§...............#
##.........§................#
#.........§§................#
##........§§§§§..^..........#
...........§§§..@...........#
##.#.#.###.§§§§...##........#
####### #.z..§..###........#
# #..2.§....###.......# .#
#.z.......###........# ...
.2..........###.......# ....
............###........# ....
.....#.#.#.#. ##.......# #...
###### # #........#


You could see a hellion and 2 flying skulls.

Vanquished Creatures
  Asmodeus (Geh:7)
  the Royal Jelly (Slime:5)
  3 dread liches
  Mara (Snake:4)
  Mennas (Vaults:3)
  A juggernaut (Depths:2)
  4 royal mummies
  Sojobo (Vaults:3)
  Margery (Vaults:5)
  Saint Roka (Snake:3)
  Frederick (Crypt:2)
  A caustic shrike (Depths:4)
  The ghost of Pairu the Slayer, an adept DjAE of Ashenzari (Elf:2)
  Geryon (Hell)
  3 golden dragons
  Nikola (Vaults:3)
  2 profane servitors (Abyss:1)
  3 bone dragons
  Jory (Depths:3)
  4 Tzitzimimeh
  2 doom hounds
  13 Brimstone Fiends (Geh:7)
  Jorgrun (Orc:2)
  3 hellephants (Depths:1)
  4 tentacled monstrosities
  Rupert (D:14)
  9 liches
  6 deep elf blademasters
  7 titans
  4 quicksilver dragons
  2 deep elf master archers (Elf:2)
  7 tentacled starspawn
  2 krakens
  18 acid blobs
  7 sphinxes
  Frances (Elf:1)
  8 ancient champions
  4 shadow dragons
  9 tengu reavers
  5 storm dragons
  Roxanne (Snake:4)
  Kirke (Lair:6)
  12 fire giants
  5 revenants
  9 rockslimes
  Donald (Orc:2)
  8 azure jellies (Slime:5)
  7 frost giants
  Aizul (Snake:3)
  A draconian scorcher (Depths:5)
  Louise (Snake:3)
  6 deep elf sorcerers
  22 vault wardens
  2 iron dragons
  2 angels (Abyss:1)
  A draconian stormcaller (Depths:5)
  12 balrugs
  6 curse skulls
  A draconian shifter (Abyss:1)
  13 very ugly things
  2 orc warlords
  14 ghouls
  21 ironbound preservers
  3 deep elf elementalists (Elf:3)
  13 reapers
  5 war gargoyles
  5 quicksilver oozes
  22 stone giants
  6 deep elf demonologists (Elf:3)
  26 starcursed masses
  A green draconian (Abyss:4)
  13 vampire knights
  A black draconian (Depths:5)
  A lorocyproca (Hell)
  A red draconian (Volcano)
  Azrael (D:14)
  9 deep elf annihilators
  A purple draconian (Abyss:2)
  3 dire elephants
  8 entropy weavers
  2 spark wasps (Depths:2)
  2 yellow draconians (Depths:5)
  9 merfolk javelineers
  8 deep elf death magi
  5 eidola
  4 mummy priests
  2 quicksilver dragon zombies
  26 ettins
  4 fire dragons
  17 yaktaur captains
  10 merfolk impalers
  A kraken zombie (Hell)
  11 deep elf high priests
  4 jiangshi
  The ghost of Matir the Destroyer, a journeyman TeFE of Vehumet (Lair:1)
  10 ice dragons
  9 great orbs of eyes
  4 hydras
  11 naga warriors
  4 boulder beetles
  Harold (D:7)
  6 rakshasas
  5 ironbound thunderhulks
  44 vault guards
  3 hell beasts
  4 salamander tyrants
  9 spriggan air magi
  A death knight (Crypt:1)
  A ghost crab (Tar:2)
  3 merfolk avatars
  9 anacondas
  An ogre mage (Vaults:5)
  3 merfolk aquamancers
  25 centaur warriors
  11 ironbound frosthearts
  11 two-headed ogres
  An alligator snapping turtle (Shoals:4)
  30 dancing weapons
  6 tengu warriors
  2 satyrs
  6 deep troll shamans
  3 titan zombies
  2 vampire magi
  7 shock serpents
  6 death yaks (Lair:5)
  5 deep troll earth magi
  5 ironbound beastmasters
  6 orc high priests
  41 hell hogs
  36 hell knights
  21 thrashing horrors
  20 naga sharpshooters
  3 spriggan berserkers
  Sonja (Lair:3)
  A titan skeleton (Geh:3)
  12 soul eaters
  2 storm dragon zombies (Geh:7)
  8 iron trolls
  Nergalle (D:12)
  20 deep elf knights
  3 shadow wraiths
  3 salamander mystics
  A fire crab (D:15)
  15 wretched stars
  15 sun demons
  25 skeletal warriors
  A spark wasp zombie (Depths:4)
  2 sixfirhies
  A golden dragon zombie (Geh:7)
  2 shadow demons
  9 sea snakes
  A death drake (Tar:1)
  A ghost moth zombie (Geh:4)
  5 storm dragon skeletons
  61 deep trolls
  7 glowing orange brains
  7 bog bodies
  A gelid demonspawn (Depths:3)
  4 orange crystal statues
  2 kraken simulacra
  7 wizards
  4 naga ritualists
  12 flayed ghosts
  A shadow dragon zombie (Tar:1)
  25 ironbound convokers
  5 anaconda skeletons
  A wolf spider zombie (Geh:3)
  25 deep elf pyromancers
  11 phantasmal warriors
  10 deep elf archers
  9 fauns
  7 lindwurms
  10 orc knights
  29 deep elf zephyrmancers
  34 harpies
  18 necromancers
  6 orc sorcerers
  3 frost giant zombies
  4 mana vipers
  A cyclops (shapeshifter) (D:14)
  A sphinx skeleton (Depths:4)
  2 will-o-the-wisps (Abyss:5)
  An iron dragon zombie (Geh:7)
  A human zombie (Vaults:4)
  4 worldbinders
  43 ugly things
  5 shining eyes
  A fire giant zombie (Geh:4)
  15 cyclopes
  20 salamanders
  2 iron dragon skeletons (Geh:7)
  3 stone giant zombies (Geh:7)
  17 manticores
  4 frost giant skeletons
  A dire elephant zombie (Geh:7)
  2 moths of wrath (Elf:2)
  A shock serpent zombie (Geh:7)
  25 vault sentinels
  26 black mambas
  6 human skeletons
  11 guardian serpents
  3 fire giant skeletons
  6 merfolk sirens
  10 elephants
  Joseph (D:8)
  A moth of wrath (shapeshifter) (Vaults:5)
  6 stone giant skeletons
  A spriggan zombie (Depths:3)
  18 smoke demons
  An eye of devastation (Slime:2)
  16 naga magi
  2 dire elephant skeletons (Geh:7)
  10 water nymphs
  A rust devil (Depths:3)
  A gargoyle (D:14)
  An ice statue (Hell)
  12 cane toads
  18 molten gargoyles
  4 orange demons
  2 unseen horrors
  4 rime drakes (Lair:6)
  2 yaktaur zombies
  15 hellions
  11 komodo dragons
  4 tengu conjurers
  7 tormentors
  A sea snake zombie (Hell)
  2 red draconian zombies
  An anaconda simulacrum (Hell)
  A komodo dragon (shapeshifter) (Vaults:4)
  36 yaktaurs
  14 efreet
  A purple draconian skeleton (Geh:7)
  28 guardian mummies (Crypt:3)
  7 freezing wraiths
  2 hellwings (Abyss:2)
  10 ancient zymes
  A demonic crawler (Lair:6)
  A green draconian skeleton (Crypt:1)
  6 trolls
  2 hydra zombies
  A polar bear (shapeshifter) (Elf:1)
  17 red devils
  A redback zombie (Crypt:3)
  A silent spectre (Abyss:2)
  A harpy zombie (Crypt:2)
  31 merfolk
  A sea snake skeleton (Hell)
  9 snapping turtles
  4 polar bears (Lair:6)
  3 hornets
  19 raiju
  A tyrant leech (Lair:6)
  4 hydra skeletons
  110 slime creatures
  2 alligator zombies
  A moth of wrath zombie (Crypt:2)
  4 blink frogs (Lair:1)
  2 shadow dragon simulacra
  4 wind drakes
  A harpy skeleton (Crypt:2)
  An ettin zombie (Hell)
  A satyr zombie (Crypt:3)
  7 ettin skeletons
  13 dream sheep
  4 air elementals
  A raiju (shapeshifter) (Elf:1)
  12 ushabtiu (Crypt:3)
  35 flying skulls
  2 ice dragon zombies
  3 vampires
  17 water elementals
  3 fire dragon skeletons (Geh:7)
  2 ice dragon skeletons (Geh:7)
  9 spriggans
  22 large abominations
  2 black mamba zombies
  16 wraiths
  2 black mamba skeletons (Geh:4)
  6 redbacks
  3 tarantellas
  7 wyverns
  7 shadows
  A satyr skeleton (Crypt:1)
  6 fire bats
  5 ynoxinuls
  2 hogs (Lair:6)
  Grum (D:9)
  A golden eye (Abyss:2)
  34 yaks
  3 basilisks
  An emperor scorpion simulacrum (Hell)
  A steam dragon (D:8)
  13 fire elementals
  A human (Lair:6)
  11 neqoxecs
  5 vampire mosquitoes (D:12)
  2 elf simulacra
  2 swamp worms (Lair:6)
  8 chaos spawn
  Menkaure (D:5)
  4 wargs
  4 elf skeletons
  43 nagas
  A two-headed ogre skeleton (Crypt:1)
  2 deep troll skeletons (Crypt:1)
  A water moccasin (shapeshifter) (Abyss:2)
  25 water moccasins
  18 hell hounds
  A floating eye (Depths:5)
  47 orc warriors
  2 ice beasts
  A sky beast (D:7)
  A hornet zombie (D:9)
  A manticore zombie (Geh:4)
  3 swamp dragon zombies
  5 ogres
  2 snapping turtle zombies
  10 necrophages
  2 swamp dragon skeletons (Geh:7)
  7 boggarts
  17 wolves
  3 phantoms
  21 centaurs
  27 small abominations
  3 snapping turtle skeletons (Geh:7)
  A hog skeleton (Crypt:3)
  An elf zombie (Crypt:1)
  3 kobold brigands
  11 bullfrogs
  A scorpion (D:6)
  2 water moccasin zombies
  4 earth elementals
  8 gnoll sergeants (Bailey)
  A warg zombie (Crypt:1)
  8 killer bees (D:9)
  22 wights
  A troll skeleton (Crypt:3)
  A howler monkey (D:10)
  An electric eel (Lair:1)
  5 centaur zombies
  4 crimson imps (D:11)
  3 lava snakes
  2 jellies
  A quasit (Abyss:2)
  6 gnoll shamans (Bailey)
  29 orc priests
  7 hounds
  An iron imp (Abyss:2)
  2 bullfrog skeletons
  2 centaur skeletons
  Terence (D:2)
  22 orc wizards
  A demigod zombie (Crypt:2)
  A tengu zombie (Geh:4)
  2 naga skeletons
  A hound skeleton (D:4)
  8 mummies (Crypt:3)
  A howler monkey zombie (D:6)
  21 gnolls
  6 adders
  2 howler monkey skeletons
  A river rat (shapeshifter) (Vaults:5)
  3 shadow imps
  2 white imps
  2 ufetubi
  An adder skeleton (D:4)
  A halfling skeleton (Crypt:2)
  3 worms
  3 dart slugs
  82 orcs
  5 ball pythons
  A bat (D:1)
  A bat zombie (Crypt:1)
  4 endoplasms
  A giant cockroach (D:1)
  3 hobgoblins
  8 jackals
  4 quokkas
  6 frilled lizards
  A frilled lizard skeleton (Crypt:3)
  11 goblins
  17 kobolds
  A kobold skeleton (Geh:7)
  An orc skeleton (Geh:2)
  An orc zombie (Geh:7)
  A quokka zombie (Crypt:2)
  3 rats
  3 bushes (Abyss:5)
  8 starspawn tentacles
  A tentacle (Shoals:4)
2902 creatures vanquished.

Vanquished Creatures (collateral kills)
  A tentacled monstrosity (Abyss:5)
  A freezing wraith (D:12)
2 creatures vanquished.

Vanquished Creatures (others)
  An ironbound preserver (Vaults:1)
  A quicksilver dragon skeleton (Geh:7)
  An ogre mage (Vaults:2)
  A deep elf knight (Elf:1)
  3 small abominations
  7 bushes
  12 demonic plants (Abyss:5)
  4 foxfires (Abyss:5)
  31 fungi
  A lurking horror (Abyss:4)
  206 plants
  8 starspawn tentacles
  26 tentacles
302 creatures vanquished.

Grand Total: 3206 creatures vanquished

Notes
Turn   | Place    | Note
-------+----------+-------------------------------------------
     0 | D:1      | Bnni the Octopode Ice Elementalist began the quest for the
                  | Orb.
     0 | D:1      | Reached XP level 1. HP: 11/11 MP: 3/3
   459 | D:1      | Reached XP level 2. HP: 18/18 MP: 5/5
  1039 | D:2      | Noticed an ogre
  1260 | D:2      | Reached skill level 1 in Fighting
  1277 | D:2      | Reached XP level 3. HP: 15/23 MP: 6/6
  1281 | D:2      | Learned a level 3 spell: Frozen Ramparts
  1438 | D:2      | Found a faded altar of an unknown god.
  1492 | D:2      | Killed an ogre
  1493 | D:2      | Reached skill level 5 in Ice Magic
  1493 | D:2      | Reached XP level 4. HP: 5/29 MP: 3/8
  1493 | D:2      | Reached XP level 5. HP: 6/34 MP: 3/9
  1907 | D:2      | Noticed Terence
  1914 | D:2      | Killed Terence
  2224 | D:3      | Learned a level 3 spell: Ozocubu's Armour
  2556 | D:3      | Reached XP level 6. HP: 11/41 MP: 10/10
  2856 | D:3      | Found Hoaggin's Distillery.
  3303 | D:4      | Learned a level 4 spell: Hailstorm
  3317 | D:4      | Noticed an orc warrior
  3386 | D:4      | Reached skill level 6 in Ice Magic
  3524 | D:4      | Found Zielecki's Distillery.
  3533 | D:4      | Bought a potion of berserk rage for 50 gold pieces
  3579 | D:4      | Killed an orc warrior
  3580 | D:4      | Reached XP level 7. HP: 38/46 MP: 12/12
  4136 | D:4      | Found a radiant altar of Vehumet.
  4136 | D:4      | Found a bloodstained altar of Trog.
  4177 | D:4      | Found an ancient bone altar of Kikubaaqudgha.
  4295 | D:5      | Entered Level 5 of the Dungeon
  4465 | D:5      | Reached skill level 1 in Conjurations
  4509 | D:4      | Reached skill level 7 in Ice Magic
  4767 | D:5      | Reached XP level 8. HP: 39/54 MP: 14/14
  5077 | D:5      | Noticed Menkaure
  5084 | D:5      | Killed Menkaure
  5380 | D:6      | Found Jiren's Book Shoppe.
  5778 | D:6      | Reached skill level 8 in Ice Magic
  6138 | D:7      | Found Camp's Jewellery Shoppe.
  6192 | D:7      | Reached skill level 5 in Fighting
  6192 | D:7      | Reached XP level 9. HP: 45/61 MP: 7/16
  6196 | D:7      | Reached skill level 5 in Spellcasting
  6288 | D:7      | Noticed a manticore
  6354 | D:7      | Killed a manticore
  6461 | D:7      | Found a staircase to the Ecumenical Temple.
  6467 | Temple   | Entered the Ecumenical Temple
  6614 | D:4      | Became a worshipper of Vehumet
  6851 | D:7      | Noticed Harold
  6871 | D:7      | Killed Harold
  6872 | D:7      | Reached skill level 9 in Ice Magic
  7152 | D:7      | Found Kaukhlath's Antique Armour Boutique.
  7333 | D:7      | Found Unuhy's Assorted Antiques.
  7569 | D:8      | Reached XP level 10. HP: 61/68 MP: 19/19
  7728 | D:8      | Found a sparkling altar of Nemelex Xobeh.
  7801 | D:8      | Reached skill level 10 in Ice Magic
  8112 | D:8      | Identified the +3 quarterstaff "Dozymped" {vorpal, rF+ rC+
                  | rCorr}
  8136 | D:8      | Noticed Joseph
  8151 | D:8      | Killed Joseph
  8528 | D:8      | Found a white marble altar of Elyvilon.
  8805 | D:8      | Learned a level 4 spell: Ice Form
  8806 | D:9      | Noticed a two-headed ogre
  8816 | D:9      | Killed a two-headed ogre
  8817 | D:9      | Reached skill level 5 in Dodging
  8863 | D:9      | Noticed Grum
  8879 | D:9      | Killed Grum
  8905 | D:9      | Reached * piety under Vehumet
  8905 | D:9      | Offered knowledge of Sandblast by Vehumet.
  9206 | D:9      | Reached skill level 11 in Ice Magic
  9212 | D:9      | Reached XP level 11. HP: 63/75 MP: 14/21
  9379 | D:9      | Found Wyeh Ces's Antique Armour Boutique.
  9514 | D:9      | Noticed a two-headed ogre
  9526 | D:9      | Killed a two-headed ogre
  9718 | D:9      | Identified a scroll of acquirement
  9719 | D:9      | Acquired 1028 gold pieces
 10055 | D:7      | Bought the ring "Yguaggas" {rF++ rN+ Int+6} for 856 gold
                  | pieces
 10086 | D:6      | Bought a book of Minor Magic for 220 gold pieces
 10109 | D:7      | Bought a crooked smoking staff for 240 gold pieces
 10113 | D:7      | Learned a level 2 spell: Blink
 10180 | D:10     | Entered Level 10 of the Dungeon
 10301 | D:10     | Reached skill level 1 in Translocations
 10665 | D:10     | Offered knowledge of Poisonous Vapours by Vehumet.
 10668 | D:10     | Reached ** piety under Vehumet
 10672 | D:10     | Reached skill level 12 in Ice Magic
 10813 | D:10     | Found a staircase to the Lair.
 10960 | D:10     | Noticed a two-headed ogre
 10979 | D:10     | Killed a two-headed ogre
 11834 | D:11     | Found a shimmering altar of Xom.
 12213 | D:11     | Reached XP level 12. HP: 74/84 MP: 19/24
 12826 | D:11     | Found a staircase to the Orcish Mines.
 13014 | D:12     | HP: 5/100 [freezing wraith (10)]
 13765 | D:12     | Reached skill level 13 in Ice Magic
 14223 | D:12     | Offered knowledge of Dazzling Flash by Vehumet.
 14830 | D:12     | Reached *** piety under Vehumet
 14930 | D:12     | Noticed Nergalle
 14944 | D:12     | Killed Nergalle
 14976 | D:12     | Noticed a two-headed ogre
 14982 | D:12     | Killed a two-headed ogre
 15424 | Lair:1   | Entered Level 1 of the Lair of Beasts
 15864 | Lair:1   | You fall into a shaft and drop 1 floor!
 15878 | Lair:2   | Reached skill level 14 in Ice Magic
 15907 | Lair:1   | Reached XP level 13. HP: 61/92 MP: 26/26
 15962 | Lair:1   | Reached skill level 10 in Fighting
 16162 | Lair:1   | Offered knowledge of Stone Arrow by Vehumet.
 16480 | Lair:1   | Identified the +6 trident of Rail {vorpal, +Rage rF+
                  | Stlth+}
 16526 | Lair:1   | Found a runed translucent door.
 16530 | Lair:1   | Noticed Matir's ghost (journeyman TeFE)
 16545 | Lair:1   | Killed Matir's ghost
 16546 | Lair:1   | Reached skill level 1 in Shields
 17744 | Lair:2   | Found a staircase to the Shoals.
 18239 | Lair:3   | Found a staircase to the Snake Pit.
 18639 | Lair:3   | Reached **** piety under Vehumet
 18717 | Lair:3   | Offered knowledge of Freezing Cloud by Vehumet.
 18744 | Lair:3   | Noticed Sonja
 18754 | Lair:3   | Killed Sonja
 20006 | Lair:5   | Reached skill level 10 in Spellcasting
 20024 | Lair:5   | Reached skill level 15 in Ice Magic
 20054 | Lair:5   | Learned a level 5 spell: Freezing Cloud
 20427 | Lair:5   | Reached XP level 14. HP: 99/99 MP: 28/28
 20516 | Lair:5   | Found a staircase to the Slime Pits.
 21084 | Lair:6   | Entered Level 6 of the Lair of Beasts
 21113 | Lair:6   | Reached skill level 5 in Conjurations
 21504 | Lair:6   | Found a dark tunnel.
 21518 | Volcano  | Entered a volcano
 21677 | Volcano  | Found a burning altar of Makhleb.
 21681 | Volcano  | Reached ***** piety under Vehumet
 21724 | Volcano  | Offered knowledge of Yara's Violent Unravelling by Vehumet.
 21728 | Volcano  | Noticed a red draconian
 21746 | Volcano  | Killed a red draconian
 22101 | Lair:6   | Noticed a dire elephant
 22113 | Lair:6   | Killed a dire elephant
 22247 | Lair:6   | Identified the ring of Wishful Thinking {rElec rPois rC++
                  | Will+ Dex-2}
 22711 | Lair:6   | Noticed Kirke
 22724 | Lair:6   | Killed Kirke
 23107 | Orc:1    | Entered Level 1 of the Orcish Mines
 23128 | Orc:1    | Noticed an orc warlord
 23252 | D:11     | Killed an orc warlord
 23253 | D:11     | Reached skill level 16 in Ice Magic
 23253 | D:11     | Reached XP level 15. HP: 79/107 MP: 25/29
 23580 | Orc:2    | Entered Level 2 of the Orcish Mines
 23681 | Orc:2    | Noticed Jorgrun
 23696 | Orc:2    | Killed Jorgrun
 23873 | Orc:2    | Found Ubliokha's Antique Weapon Emporium.
 23980 | Orc:2    | Noticed Donald
 23998 | Orc:2    | Killed Donald
 24228 | Orc:2    | Offered knowledge of Conjure Ball Lightning by Vehumet.
 24828 | Orc:2    | Found a staircase to the Elven Halls.
 25221 | Orc:2    | Found Huodd's Jewellery Emporium.
 25312 | Orc:2    | Found Atuaxia's Antique Armour Boutique.
 25315 | Orc:2    | Found Tirghad's Book Boutique.
 25316 | Orc:2    | Found Tosisy's Weapon Shop.
 25317 | Orc:2    | Found Kohit's Weapon Boutique.
 25908 | Orc:2    | Bought a book of the Tempests for 980 gold pieces
 25918 | Orc:2    | Learned a level 9 spell: Polar Vortex
 26355 | D:13     | Found a gate to the Vaults.
 26366 | D:13     | Reached skill level 17 in Ice Magic
 27269 | D:14     | Found a flagged portal.
 27273 | D:14     | Noticed Rupert
 27281 | D:14     | Killed Rupert
 27282 | D:14     | Reached XP level 16. HP: 93/116 MP: 28/31
 27289 | Bailey   | Entered a bailey
 27501 | Bailey   | Offered knowledge of Fireball by Vehumet.
 28119 | D:14     | Cast into level 2 of the Abyss (a wizard)
 28360 | Abyss:2  | Noticed a tentacled starspawn
 28564 | Abyss:2  | Noticed a lich
 28588 | Abyss:2  | Killed a lich
 28688 | Abyss:2  | Found a shimmering altar of Xom.
 28787 | Abyss:2  | Noticed a tentacled starspawn
 28793 | Abyss:2  | Killed a tentacled starspawn
 28796 | D:14     | Escaped the Abyss
 28801 | D:14     | Reached skill level 18 in Ice Magic
 29087 | D:14     | Noticed Azrael
 29122 | D:14     | Killed Azrael
 29191 | D:14     | Offered knowledge of Ozocubu's Refrigeration by Vehumet.
 29212 | D:14     | Learned a level 7 spell: Ozocubu's Refrigeration
 29511 | D:14     | Found the necklace of Bloodlust {*Rage +Rage Will++ Int-3
                  | Slay+6}
 29609 | D:14     | Identified the +1 ring mail of Eternity {Rampage *Slow
                  | Str+2}
 30114 | Snake:1  | Entered Level 1 of the Snake Pit
 30389 | Snake:1  | Acquired a staff of cold
 30583 | Snake:1  | Reached XP level 17. HP: 122/122 MP: 32/33
 31103 | Snake:2  | Reached skill level 19 in Ice Magic
 31205 | Snake:2  | Noticed Vashnia
 32840 | Snake:3  | Noticed Louise
 32843 | Snake:3  | Killed Louise
 33325 | Snake:3  | Noticed Aizul
 33330 | Snake:3  | Killed Aizul
 33452 | Snake:3  | Noticed Saint Roka
 33472 | Snake:3  | Killed Saint Roka
 33843 | Snake:3  | Offered knowledge of Irradiate by Vehumet.
 34123 | Snake:3  | Acquired 661 gold pieces
 34297 | Snake:4  | Entered Level 4 of the Snake Pit
 34300 | Snake:4  | Noticed Mara
 34380 | Snake:4  | Killed Mara
 34381 | Snake:4  | Reached skill level 20 in Ice Magic
 34420 | Snake:4  | Identified the +3 quarterstaff of Ycuthuh {freeze, MP-9
                  | Dex+5}
 34550 | Snake:4  | Noticed Roxanne
 34586 | Snake:4  | Killed Roxanne
 34785 | Snake:4  | Reached XP level 18. HP: 109/128 MP: 30/36
 35239 | Snake:4  | Identified the amulet of Xychial {Reflect Str+3 SH+5}
 35937 | Snake:4  | Noticed a quicksilver dragon
 35939 | Snake:4  | Noticed a quicksilver dragon
 35941 | Snake:4  | Killed a quicksilver dragon
 35942 | Snake:4  | Reached skill level 21 in Ice Magic
 35943 | Snake:4  | Killed a quicksilver dragon
 36156 | Snake:4  | Found Fullixt's Book Shoppe.
 36156 | Snake:4  | Found Fipip's Jewellery Shop.
 36157 | Snake:4  | Found Bouck's Book Shoppe.
 36343 | Snake:4  | Got a serpentine rune of Zot
 36492 | Shoals:1 | Entered Level 1 of the Shoals
 36492 | Shoals:1 | Found a transporter.
 36499 | Shoals:1 | Offered knowledge of Eringya's Noxious Bog by Vehumet.
 36527 | Shoals:1 | Identified the amulet "Lomughin" {RegenMP +Blink +Inv
                  | Stlth+}
 36547 | Shoals:1 | Found a transporter.
 36550 | Shoals:1 | Reached ****** piety under Vehumet
 37279 | Shoals:1 | Found a stormy altar of Qazlal.
 38157 | Shoals:2 | Reached skill level 15 in Spellcasting
 39380 | Shoals:3 | Reached XP level 19. HP: 134/134 MP: 38/38
 39614 | Shoals:3 | Reached skill level 1 in Staves
 40146 | Shoals:3 | Found Zawkiuke's General Store.
 40458 | Shoals:4 | Entered Level 4 of the Shoals
 40591 | Shoals:4 | Reached skill level 22 in Ice Magic
 40777 | Shoals:4 | Offered knowledge of Eringya's Noxious Bog by Vehumet.
 40958 | Shoals:4 | Got a barnacled rune of Zot
 41410 | Shoals:4 | Reached skill level 1 in Evocations
 43138 | D:7      | Bought a ring of protection from fire for 375 gold pieces
 43138 | D:7      | Bought the amulet "Umik" {Reflect rC+ Will+ SH+5} for 744
                  | gold pieces
 43150 | D:7      | Bought a +4 ring of protection for 540 gold pieces
 43428 | D:15     | Entered Level 15 of the Dungeon
 43455 | D:14     | Learned a level 2 spell: Sublimation of Blood
 43463 | D:14     | Learned a level 7 spell: Orb of Destruction
 43931 | D:15     | Found a staircase to the Depths.
 44092 | Vaults:1 | Entered Level 1 of the Vaults
 44135 | Vaults:1 | Noticed a golden dragon
 44303 | Vaults:1 | Reached XP level 20. HP: 138/142 MP: 28/39
 44305 | Vaults:1 | Killed a golden dragon
 46275 | Vaults:1 | Reached skill level 10 in Conjurations
 46857 | Vaults:1 | Reached skill level 23 in Ice Magic
 47069 | Vaults:1 | Found Ykhla's Magic Scroll Shoppe.
 47077 | Vaults:1 | Bought a scroll of acquirement for 1040 gold pieces
 47077 | Vaults:1 | Acquired a +2 hat of stealth
 48012 | Vaults:2 | Reached XP level 21. HP: 142/149 MP: 26/41
 48914 | Vaults:2 | Reached skill level 10 in Dodging
 49241 | Vaults:2 | Reached skill level 1 in Necromancy
 50333 | Vaults:2 | Found a portal to a secret trove of treasure.
 50638 | Vaults:3 | Noticed Nikola
 50644 | Vaults:3 | Killed Nikola
 50786 | Vaults:3 | Found Wiodiuj's Weapon Shoppe.
 51046 | Vaults:3 | Identified the amulet "Ybiska" {Regen+ Str+4}
 51046 | Vaults:3 | Noticed Sojobo
 51052 | Vaults:3 | Killed Sojobo
 51062 | Vaults:3 | Reached skill level 15 in Fighting
 51710 | Vaults:3 | Noticed Mennas
 51716 | Vaults:3 | Killed Mennas
 51717 | Vaults:3 | Reached skill level 5 in Necromancy
 52063 | Vaults:3 | Identified the +7 arbalest of World's End {penet, rPois
                  | Dex+4}
 52098 | Vaults:3 | Reached XP level 22. HP: 157/157 MP: 39/42
 52248 | Vaults:3 | Found a staircase to the Crypt.
 52248 | Vaults:3 | Found an ancient bone altar of Kikubaaqudgha.
 52249 | Vaults:3 | Found a basalt altar of Yredelemnul.
 52630 | Vaults:3 | Identified the ring of Pawnaf {rPois rN+ SInv}
 52716 | Vaults:4 | Found Ymmogg's Antique Weapon Boutique.
 52724 | Vaults:4 | Upgraded the game from 0.27-a0-1277-g3808f8b1c9 to
                  | 0.27-a0-1280-g9d2d252d84
 53994 | Vaults:4 | Reached skill level 24 in Ice Magic
 55287 | Vaults:5 | Entered Level 5 of the Vaults
 55579 | Vaults:5 | Noticed a dread lich
 55584 | Vaults:5 | Killed a dread lich
 55585 | Vaults:5 | Reached XP level 23. HP: 150/164 MP: 28/44
 56064 | Vaults:5 | Noticed Margery
 56070 | Vaults:5 | Killed Margery
 56071 | Vaults:5 | Reached skill level 10 in Necromancy
 57044 | Vaults:5 | Identified the +3 dagger of the Horn {pain, Str+2}
 57052 | Vaults:5 | Learned a level 6 spell: Simulacrum
 57235 | Vaults:5 | Got a silver rune of Zot
 58490 | Vaults:5 | Identified the +1 tower shield "Tyenidd" {rF+}
 59140 | Elf:1    | Entered Level 1 of the Elven Halls
 59265 | Elf:1    | Reached skill level 25 in Ice Magic
 59371 | Elf:1    | Reached XP level 24. HP: 173/173 MP: 44/44
 59411 | Elf:1    | Noticed Frances
 59732 | Snake:4  | Bought a Necronomicon for 1545 gold pieces
 59741 | Snake:4  | Learned a level 8 spell: Borgnjor's Revivification
 60233 | Elf:1    | Killed Frances
 60798 | Elf:1    | Found Boudob's Antique Armour Shoppe.
 60802 | Elf:1    | Paralysed by an air elemental for 1 turns
 61195 | Elf:2    | Found a transporter.
 61197 | Elf:2    | Found a transporter.
 61257 | Elf:2    | Found a bloodstained altar of Trog.
 61272 | Elf:2    | Identified the +9 longbow "Saediug" {flame, Contam *Slow
                  | rElec rF+++ Will++}
 61272 | Elf:2    | Noticed Pairu's ghost (adept DjAE)
 61283 | Elf:2    | Killed Pairu's ghost
 62061 | Elf:2    | Found a radiant altar of Vehumet.
 62181 | Elf:2    | Found a runed translucent gate.
 62181 | Elf:2    | Found a runed translucent gate.
 62183 | Elf:2    | Found a runed translucent gate.
 62962 | Elf:3    | Entered Level 3 of the Elven Halls
 63511 | Elf:3    | Identified the +0 plate armour of Pesobop {rC+}
 63511 | Elf:3    | Identified the ring of Conversion {rC+ Str+9}
 64868 | Elf:3    | Identified the +6 plate armour of Theory {rN+ MP-9 Dex+6}
 64875 | Elf:3    | Identified the Incunabulum of the Harmful Oath
 64877 | Elf:3    | Identified the +0 ring mail of the Hills {rN+}
 64903 | Elf:3    | Identified the +0 chain mail "Kecvol" {-Tele Str+6}
 64907 | Elf:3    | Identified the Grimoire of Cold and Weightlessness
 64909 | Elf:3    | Identified the amulet "Paucoyro" {Faith Fragile rN++ rCorr}
 64923 | Elf:3    | Identified the Reference Book on the Birds
 65385 | Depths:1 | Entered Level 1 of the Depths
 65399 | Depths:1 | Reached XP level 25. HP: 180/180 MP: 30/45
 65784 | Depths:1 | Found a one-way gate to the infinite horrors of the Abyss.
 66075 | Depths:1 | Found a basalt altar of Yredelemnul.
 66091 | Depths:1 | Found a radiant altar of Vehumet.
 66119 | Depths:1 | Found a gateway to Hell.
 66412 | Depths:1 | Reached XP level 26. HP: 187/187 MP: 45/45
 66982 | Depths:2 | Reached skill level 26 in Ice Magic
 67535 | Depths:2 | Noticed a juggernaut
 67542 | Depths:2 | Killed a juggernaut
 67770 | Depths:2 | Found a one-way gate leading to the halls of Pandemonium.
 68517 | Depths:3 | Found a flickering gateway to a bazaar.
 68528 | Bazaar   | Entered a bazaar
 68542 | Bazaar   | Found Oplu's General Store.
 68564 | Bazaar   | Found Taill's Magic Scroll Emporium.
 68564 | Bazaar   | Found Weeme's Jewellery Shoppe.
 68588 | Bazaar   | Found Igixt's Jewellery Emporium.
 68588 | Bazaar   | Found Haonwym's Antique Armour Shoppe.
 68609 | Bazaar   | Found Sabrus's Book Emporium.
 68609 | Bazaar   | Found Kaikoutu's General Store.
 68676 | Bazaar   | Bought the ring "Ublam" {rPois rF+ rC+} for 259 gold pieces
 68676 | Bazaar   | Bought a +4 ring of protection for 216 gold pieces
 68676 | Bazaar   | Bought a +4 ring of protection for 216 gold pieces
 68756 | Depths:3 | Found a corrupted altar of Lugonu.
 69429 | Depths:3 | Found a gateway to a ziggurat.
 69429 | Depths:3 | Noticed a dread lich
 70116 | Depths:3 | Noticed Jory
 70138 | Depths:3 | Killed Jory
 70139 | Depths:3 | Reached XP level 27. HP: 60/195 MP: 9/45
 70510 | Depths:3 | HP: 7/195 [???[a dread lich] (1)]
 70514 | Depths:3 | Killed a dread lich
 71575 | Depths:3 | Noticed a royal mummy
 71588 | Depths:3 | Killed a royal mummy
 71823 | Depths:3 | Noticed a royal mummy
 71824 | Depths:3 | Noticed a royal mummy
 71825 | Depths:3 | Found the +7 sceptre of Torment {pain, torment}
 71830 | Depths:3 | Killed a royal mummy
 71844 | Depths:3 | Killed a royal mummy
 72431 | Depths:4 | Acquired 609 gold pieces
 72521 | Depths:4 | Found a stormy altar of Qazlal.
 73677 | Depths:4 | Reached skill level 15 in Necromancy
 74174 | Depths:5 | Entered Level 5 of the Depths
 74219 | Depths:5 | Upgraded the game from 0.27-a0-1280-g9d2d252d84 to
                  | 0.27-a0-1281-ge233d83751
 74702 | Depths:5 | Reached skill level 27 in Ice Magic
 75106 | Depths:5 | Reached skill level 15 in Dodging
 75355 | Depths:5 | Found a gate to the Realm of Zot.
 76463 | Crypt:1  | Entered Level 1 of the Crypt
 77022 | Crypt:1  | Identified the +11 glaive of Vixan {elec, rElec}
 78218 | Crypt:2  | Noticed Frederick
 78223 | Crypt:2  | Killed Frederick
 79766 | Crypt:3  | Entered Level 3 of the Crypt
 81172 | Crypt:3  | Noticed a royal mummy
 81184 | Crypt:3  | Killed a royal mummy
 81778 | Crypt:3  | Acquired the ring of Generosity {Fly rPois rCorr Int+4
                  | Dex-3}
 82253 | Elf:1    | Bought the +3 crown of Dyrovepreva {rElec Int+2 SInv} for
                  | 1242 gold pieces
 82253 | Elf:1    | Found the +3 crown of Dyrovepreva {rElec Int+2 SInv}
 82290 | Elf:1    | Paralysed by an air elemental for 1 turns
 82631 | Crypt:3  | Noticed a dread lich
 82639 | Crypt:3  | Killed a dread lich
 83023 | Crypt:3  | Identified Wuyx Jaab's Grimoire of Necromancy
 83775 | Crypt:3  | Found a staircase to the Tomb.
 84163 | Slime:1  | Entered Level 1 of the Pits of Slime
 84181 | Slime:1  | Learned a level 9 spell: Death's Door
 84326 | Slime:2  | Gained mutation: You are dopey. (Int -2) [a shining eye]
 84337 | Slime:2  | Gained mutation: Your magical capacity is low. (-10% MP) [a
                  | shining eye]
 84693 | Slime:5  | Entered Level 5 of the Pits of Slime
 85035 | Slime:5  | Noticed the Royal Jelly
 85043 | Slime:5  | Found a viscous altar of Jiyva.
 85069 | Slime:5  | Killed the Royal Jelly
 85086 | Slime:5  | Found the +5 demon whip "Spellbinder" {antimagic, Will+}
 85100 | Slime:5  | Identified the ring "Cucli" {rElec Will+}
 85116 | Slime:5  | Identified the +5 falchion "Cutzuu" {chaos, Fly rF++ Str+2}
 85119 | Slime:5  | Found the +8 demon trident "Rift" {distort, reach+}
 85141 | Slime:5  | Got a slimy rune of Zot
 85209 | Slime:5  | Acquired 1126 gold pieces
 85554 | Depths:1 | Learned a level 1 spell: Apportation
 85555 | Depths:1 | Voluntarily entered the Abyss.
 86021 | Abyss:4  | Gained mutation: Your body sometimes deteriorates upon
                  | taking damage. [a neqoxec]
 86567 | Abyss:5  | Entered Level 5 of the Abyss
 86611 | Abyss:5  | Gained mutation: Your spells are a little easier to cast,
                  | but a little less powerful. [a neqoxec]
 86648 | Abyss:5  | Found a transporter.
 87085 | Abyss:5  | Found a corrupted altar of Lugonu.
 87398 | Depths:1 | Escaped the Abyss
 87641 | Depths:1 | Voluntarily entered the Abyss.
 87681 | Abyss:1  | HP: 8/201 [disintegration (69)]
 87682 | Depths:1 | Escaped the Abyss
 88131 | Depths:1 | Voluntarily entered the Abyss.
 88169 | Abyss:1  | Reached skill level 10 in Stealth
 89226 | Abyss:2  | Found a corrupted altar of Lugonu.
 89494 | Abyss:3  | Gained mutation: Your magical capacity is very low. (-20%
                  | MP) [a neqoxec]
 89499 | Abyss:3  | Lost mutation: Your body sometimes deteriorates upon taking
                  | damage. [a neqoxec]
 89514 | Abyss:3  | Got an abyssal rune of Zot
 89726 | Depths:1 | Escaped the Abyss
 90295 | Slime:5  | Identified the +10 chain mail of Tenacity {Str-2 Int+4
                  | Slay+6 Stlth+}
 90301 | Slime:5  | Identified the +7 short sword of the Genius {antimagic,
                  | rElec Dex+2}
 90398 | Lair:5   | Cast into level 5 of the Abyss (unwielding a weapon of
                  | distortion)
 90398 | Abyss:5  | Entered Level 5 of the Abyss
 90476 | Lair:5   | Escaped the Abyss
 90767 | Hell     | Entered the Vestibule of Hell
 90767 | Hell     | Noticed Geryon
 90775 | Hell     | Killed Geryon
 91441 | Hell     | Found a gateway to the freezing wastes of Cocytus.
 91876 | Hell     | Found a gateway to the Iron City of Dis.
 92303 | Hell     | Found a gateway to the ashen valley of Gehenna.
 92339 | Hell     | Lost mutation: Your magical capacity is very low. (-20% MP)
                  | [potion of mutation]
 92339 | Hell     | Lost mutation: Your magical capacity is low. (-10% MP)
                  | [potion of mutation]
 92339 | Hell     | Lost mutation: You are dopey. (Int -2) [potion of mutation]
 92339 | Hell     | Gained mutation: Your mind is acute. (Int +2) [potion of
                  | mutation]
 92339 | Hell     | Gained mutation: You occasionally shout uncontrollably at
                  | your foes. [potion of mutation]
 92339 | Hell     | Gained mutation: You have a pair of small antennae on your
                  | head. [potion of mutation]
 92340 | Hell     | Lost mutation: You have a pair of small antennae on your
                  | head. [potion of mutation]
 92340 | Hell     | Lost mutation: Your mind is acute. (Int +2) [potion of
                  | mutation]
 92340 | Hell     | Lost mutation: You occasionally shout uncontrollably at
                  | your foes. [potion of mutation]
 92340 | Hell     | Gained mutation: You are robust. (+10% HP) [potion of
                  | mutation]
 92340 | Hell     | Gained mutation: You are partially covered in iridescent
                  | scales. (AC +2) [potion of mutation]
 92340 | Hell     | Gained mutation: Your muscles are strong. (Str +2) [potion
                  | of mutation]
 92541 | Hell     | Found a gateway to the decaying netherworld of Tartarus.
 92621 | Geh:1    | Entered Level 1 of Gehenna
 92663 | Geh:3    | You are sucked into a shaft and drop 1 floor!
 92875 | Geh:7    | Entered Level 7 of Gehenna
 93038 | Geh:7    | Learned a level 3 spell: Swiftness
 93518 | Geh:7    | Reached skill level 5 in Staves
 94634 | Geh:7    | Reached skill level 10 in Staves
 94746 | Geh:7    | Found the +7 sceptre of Asmodeus
 94746 | Geh:7    | Noticed Asmodeus
 94774 | Geh:7    | Killed Asmodeus
 94892 | Geh:7    | Got an obsidian rune of Zot
 95183 | Tar:1    | Entered Level 1 of Tartarus
 95642 | Tar:2    | Reached skill level 1 in Maces & Flails
 95671 | Tar:2    | HP: 11/227 [bone dragon[a doom hound] (5)]
 96311 | Tar:1    | Killed from afar by a hellion

Illustrated notes

Levels and vault maps discovered:
D:1:      lordsloth_arrival_two_stooges, layout_basic
D:2:      layout_rooms, ebering_ecumenical_altar_mist, lemuel_old_faithful,
          uniq_terence
D:3:      layout_basic, serial_shops, nicolae_shop_behind_doors,
          hangedman_decor_growths
D:4:      layout_loops_ring, nicolae_kikubaaqudgha_miasma_corner,
          gammafunk_temple_overflow_statue, serial_shops, nicolae_shop_trees
D:5:      layout_basic, uniq_menkaure
D:6:      layout_rooms, serial_shops, shop
D:7:      layout_rooms, temple_green, serial_shops, nicolae_shop_waterfront,
          kennysheep_mini_moat, nicolae_shop_overgrown_old_shop, uniq_harold
D:8:      layout_loops_ring, nemelex_diamond_rough_becter, elyvilon_altar_3,
          uniq_joseph
D:9:      layout_cave_pools, serial_shops, shop, chequers_avenue, uniq_grum
D:10:     kb_forest_paths, layout_cross, kennysheep_mini, dpeg_oklobed_lair
D:11:     layout_stronghold, orc_0_dummy, led_xom_imps
D:12:     layout_layer_cave, serial_glass, glass_columns_a, glass_columns_a,
          glass_columns_a, glass_columns_a, minmay_strange_pillars,
          feat_on_display, minmay_strange_pillars, feat_on_display,
          uniq_nergalle
D:13:     layout_irregular_city, erik_vaults_2, kennysheep_generic_room_2
D:14:     minmay_the_grid_triangle_9x9_recursive_3_mashed
          [minmay_the_grid_triangle_9x9_corrupted_corridor,
          minmay_the_grid_triangle_9x9_minimal,
          minmay_the_grid_triangle_9x9_from_above,
          minmay_the_grid_triangle_9x9_prize_insulated,
          minmay_the_grid_triangle_9x9_wacky_v,
          minmay_the_grid_triangle_9x9_corruption,
          minmay_the_grid_triangle_9x9_intruding_spiral,
          minmay_the_grid_triangle_9x9_checkered,
          minmay_the_grid_triangle_9x9_windchime], layout_stronghold,
          enter_bailey_5, abandoned_shop, the_hattery, uniq_rupert, uniq_azrael
D:15:     grunt_enter_depths_hoard, layout_cave_pools, minmay_misc_feat_chi,
          drop_trap
Temple:   nicolae_temple_x_marks_the_god
Lair:1:   layout_big_grid, portal_ice_cave_entry_pillars_2,
          ebering_ghost_reflecting_pool, serial_bayou_lagoon_a, st_stairs_13,
          beast_lair_carwin_7, serial_bayou_shore_b, grunt_megastairs_1
Lair:2:   layout_gridlike, minmay_shoals_entry_hut, grunt_megastairs_5
Lair:3:   layout_long_grid, guppyfry_snake_entry_island, uniq_sonja
Lair:4:   layout_roguey, chequers_serial_rivers_micro_d
Lair:5:   layout_regular_city, dpeg_slime_entry_corner
Lair:6:   gammafunk_lair_ancient_temple, layout_gridlike,
          nicolae_volcano_entry_vermiform, worms_lemuel, uniq_kirke
Shoals:1: gammafunk_sealed_arena, layout_shoals, lemuel_altar_in_water
Shoals:2: layout_shoals, nicolae_shoals_lost_giant_pillars
Shoals:3: layout_shoals, serial_shops, shop
Shoals:4: shoals_end_grunt_ice, layout_shoals, nicolae_shoals_sun_and_surf
Snake:1:  layout_rooms, serial_bayou_shore_b
Snake:2:  layout_cave_town, grunt_megastairs_2, uniq_vashnia
Snake:3:  layout_concentric_octagons, drop_trap, uniq_louise, uniq_aizul,
          uniq_saint_roka
Snake:4:  hellmonk_snake_rune_quicksilver_temple, layout_cave_town,
          minmay_shop_grove, uniq_mara, uniq_roxanne
Slime:1:  layout_caves
Slime:2:  layout_caves
Slime:3:  layout_caves
Slime:4:  layout_caves
Slime:5
Orc:1:    layout_caves
Orc:2:    st_orc_pillars, layout_diamond_mine, serial_shops, shop, shop,
          nicolae_orc_damp_corner, guppyfry_library_mini, uniq_jorgrun,
          uniq_donald
Elf:1:    minmay_elf_arrival_circle, layout_onion_city, serial_shops,
          nicolae_shop_waterfront, minivault_28, uniq_frances
Elf:2:    layout_gridlike, gammafunk_ghost_wrathful_warriors,
          david_defended_altar_elf
Elf:3:    minmay_elf_hall_curves, layout_geoelf_diagonals
Vaults:1: hangedman_vaults_slither, ontoclasm_vaults_fault,
          ontoclasm_vaults_idyll, dpeg_vaults_pockets_of_resistance, v_misc_33,
          hangedman_vaults_locks, v_pattern_5, layout_vaults_omnicross,
          serial_shops, shop_scrolls
Vaults:2: vaults_mumra_hexcomb, v_misc_26, st_quartered_hall,
          hangedman_vaults_unwind, grunt_vaults_hallway_short,
          vaults_room_ringed_pool, nicolae_vaults_shelves_hall, v_misc_16,
          nicolae_vaults_shelves_hall, nicolae_vaults_rhombus_6,
          layout_vaults_omnigrid, enter_trove_3, serial_glass
Vaults:3: ontoclasm_vaults_ring_small, minmay_crypt_entry_necro_gods,
          grunt_vaults_bifocal, vaults_mumra_minichess_inversion,
          nicolae_vaults_yaktaur_gun_rack, vaults_mumra_lcd, v_misc_12,
          ontoclasm_vaults_tryst, grunt_vaults_hallway_short,
          layout_vaults_big_room, serial_shops, nicolae_shop_stone, uniq_mennas,
          uniq_sojobo, uniq_nikola
Vaults:4: hangedman_vaults_nails, v_rooms_3, nicolae_vaults_twisting_passages,
          nicolae_vaults_asterisk, vaults_standard_mumra_lines, v_pattern_1,
          v_alt_pattern_3, vaults_standard_mumra_x, ontoclasm_vaults_idyll,
          layout_vaults_omnibox, serial_shops, shop
Vaults:5: uniq_margery
Crypt:1:  layout_chaotic_city, eino_tiny_chamber, minivault_4
Crypt:2:  layout_chaotic_city, uniq_frederick
Crypt:3:  due_elkab, layout_chaotic_city, nicolae_tomb_entry_rubble_hallway,
          small_chamber_with_monster, glass_columns_c
Depths:1: layout_cave_pools, grunt_hell_horde, yredelemnul_altar_generic,
          abyss_entry, lemuel_statue_altar, amcnicky_mini_pool_medium
Depths:2: minmay_angry_zag, layout_gridville, abyss_entry,
          minmay_misc_feat_encased, pan_entry, grunt_hell_entry_dis_grunt,
          minivault_12, infiniplex_staircase_star, grunt_megastairs_3,
          firewood_loft
Depths:3: minmay_guarded_unrand_sceptre_of_torment, layout_basic,
          enter_ziggurat_c, rand_demon_pan_entry_7, serial_shops,
          bzr_entry_lakeside, pf_hell_entry_tar_spiral, abyss_entry_flame_altar,
          uniq_jory
Depths:4: minmay_two_paths, layout_cave_pools, nicolae_qazlal_style_of_elements,
          abyss_entry, hell_entry, infiniplex_staircase_river
Depths:5: evilmike_zot_entry_diamond, layout_cave_shapes, roderic_lattice_a,
          hellmouth_3
Hell
Geh:1:    layout_gehenna_pools_box
Geh:2:    layout_gehenna_pools_basic, hangedman_elemental_grid_stream
Geh:3:    layout_gehenna_pools_basic, nicolae_geh_single_fiery_grave
Geh:4:    layout_gehenna_lava_caves
Geh:5:    layout_gehenna_lava_caves
Geh:6:    layout_gehenna_lava_caves
Geh:7:    geh_hangedman
Tar:1:    layout_grid_maze
Tar:2:    layout_cathedral_of_symmetry

Skill      XL: |  1  2  3  4  5  6  7  8  9 10 11 12 13 14 15 16 17 18 19 20 21 22 23 24 25 26 27 |
---------------+----------------------------------------------------------------------------------+-----
Fighting       | 1 2 3 5 6 7 8 9 10 11 12 13 14 15 16 17 22 | 22.1
Ice Magic      | 5 6 7 8 9 11 12 14 15 16 17 18 20 21 22 23 24 25 26 27 | 27.0
Spellcasting   | 3 4 6 7 8 9 10 11 12 14 15 16 17 18 21 | 21.0
Conjurations   | 2 4 7 8 10 12 | 12.0
Dodging        | 4 5 6 7 8 9 10 11 12 13 14 17 | 17.0
Translocations | 4 |  4.0
Shields        | 4 |  4.0
Staves         | 4 12 | 12.0
Evocations     | 3 |  3.0
Necromancy     | 5 9 11 13 14 21 | 21.0
Stealth        | 7 8 10 | 10.0
Maces & Flails | 4 |  4.8

Action                   |  1- 3 |  4- 6 |  7- 9 | 10-12 | 13-15 | 16-18 | 19-21 | 22-24 | 25-27 || total
-------------------------+-------+-------+-------+-------+-------+-------+-------+-------+-------++-------
Melee: Dagger            |    10 |       |    21 |    14 |       |       |       |       |       ||    45
       Constrict         |     8 |    19 |    35 |    15 |    30 |    18 |    10 |    16 |    92 ||   243
       Tentacles         |     6 |    15 |    31 |    32 |    24 |    19 |    11 |    24 |   168 ||   330
       Unarmed           |     1 |       |       |   273 |   465 |   258 |    11 |       |    17 ||  1025
       Mace              |    22 |    58 |   113 |     5 |       |       |       |       |       ||   198
       Quarterstaff      |       |       |       |    99 |    10 |       |       |       |       ||   109
       Trident           |       |       |       |       |   169 |   113 |       |       |       ||   282
       Staff             |       |       |       |       |       |    36 |    78 |   141 |   796 ||  1051
       Demon whip        |       |       |       |       |       |       |       |       |   202 ||   202
       Demon trident     |       |       |       |       |       |       |       |       |     3 ||     3
Throw: Dart              |       |     6 |     6 |     6 |       |       |       |       |       ||    18
       Throwing net      |       |       |       |     1 |       |       |       |       |       ||     1
 Cast: Freeze            |     5 |     2 |     2 |     2 |     4 |       |       |       |       ||    15
       Frozen Ramparts   |     1 |     9 |    22 |    45 |    76 |    56 |    18 |     6 |     3 ||   236
       Ozocubu's Armour  |       |     4 |    18 |    33 |    47 |    38 |    56 |    28 |    97 ||   321
       Hailstorm         |       |       |     6 |    40 |    36 |    41 |    73 |    58 |   268 ||   522
       Ice Form          |       |       |       |    25 |    45 |    44 |    14 |       |     3 ||   131
       Blink             |       |       |       |     2 |     2 |     1 |     3 |    14 |    54 ||    76
       Freezing Cloud    |       |       |       |       |   108 |   155 |   129 |    50 |    16 ||   458
       Ozocubu's Refrige |       |       |       |       |       |    95 |   111 |   222 |   569 ||   997
       Polar Vortex      |       |       |       |       |       |     5 |    19 |    10 |    79 ||   113
       Orb of Destructio |       |       |       |       |       |       |    56 |   110 |   307 ||   473
       Sublimation of Bl |       |       |       |       |       |       |     4 |    46 |   157 ||   207
       Simulacrum        |       |       |       |       |       |       |       |     7 |       ||     7
       Apportation       |       |       |       |       |       |       |       |       |     1 ||     1
       Swiftness         |       |       |       |       |       |       |       |       |     1 ||     1
 Abil: End Transformatio |       |       |       |       |     2 |     2 |       |       |     1 ||     5
Evoke: Wand              |       |       |       |       |     4 |     6 |       |       |    14 ||    24
       Phantom mirror    |       |       |       |       |       |     1 |       |       |     1 ||     2
       Phial of floods   |       |       |       |       |       |     1 |       |       |       ||     1
       Condenser vane    |       |       |       |       |       |       |       |       |     1 ||     1
  Use: Potion            |     1 |     1 |     1 |     2 |       |     4 |     1 |       |    17 ||    27
       Scroll            |       |    10 |     6 |     9 |     7 |     9 |     2 |     2 |    21 ||    66
 Stab: Sleeping          |     7 |     4 |     7 |     8 |     8 |     4 |       |     2 |     8 ||    48
       Distracted        |     1 |       |     2 |     1 |     1 |     2 |       |       |     5 ||    12
       Invisible         |       |       |     1 |       |       |       |       |       |       ||     1
Armor: Skin              |     2 |    12 |    17 |   124 |   242 |   164 |    59 |    53 |   482 ||  1155
Dodge: Dodged            |    26 |    44 |   148 |   486 |   718 |   391 |   125 |   133 |   887 ||  2958
Block: Buckler           |       |       |       |       |    58 |    89 |    98 |   107 |   777 ||  1129
       Other             |       |       |       |       |       |     3 |    13 |       |     4 ||    20
       Reflection        |       |       |       |       |       |     3 |    51 |    19 |    17 ||    90

Table legend: (Time is in decaauts)
 A = Elapsed time spent in this place.
 B = Non-inter-level travel time spent in this place.
 C = Inter-level travel time spent in this place.
 D = Time resting spent in this place.
 E = Time spent auto-exploring this place.
 F = Levels seen in this place.
 G = Mean time per level.
                   A        B        C        D        E       F      G
               +--------+--------+--------+--------+--------+-----+--------+
         Total |  96766 |  89070 |   7696 |  10114 |  60757 |  78 | 1240.6 |
       Dungeon |  21972 |  18345 |   3627 |   2350 |  13150 |  15 | 1464.8 |
        Temple |     42 |     36 |      6 |      0 |      0 |   1 |   42.0 |
          Lair |   8053 |   7081 |    972 |    389 |   5273 |   6 | 1342.2 |
        Shoals |   6451 |   6307 |    144 |      9 |   5624 |   4 | 1612.8 |
     Snake Pit |   6680 |   6115 |    565 |    751 |   4208 |   4 | 1670.0 |
    Slime Pits |   1194 |   1063 |    131 |    485 |    124 |   5 |  238.8 |
  Orcish Mines |   2677 |   2096 |    581 |     95 |   1225 |   2 | 1338.5 |
   Elven Halls |   5571 |   5305 |    266 |     69 |   4534 |   3 | 1857.0 |
        Vaults |  14995 |  14319 |    676 |    469 |  11767 |   5 | 2999.0 |
         Crypt |   6824 |   6546 |    278 |   1111 |   4255 |   3 | 2274.7 |
        Depths |  11695 |  11363 |    332 |   1158 |   9008 |   5 | 2339.0 |
          Hell |   2586 |   2556 |     30 |   1035 |   1164 |   1 | 2586.0 |
       Gehenna |   2358 |   2296 |     62 |    912 |      3 |   7 |  336.9 |
      Tartarus |    436 |    413 |     23 |     57 |      0 |   2 |  218.0 |
         Abyss |   4305 |   4305 |      0 |   1161 |    114 |  12 |  358.8 |
        Bazaar |    196 |    196 |      0 |      0 |      0 |   1 |  196.0 |
        Bailey |    415 |    415 |      0 |      0 |    250 |   1 |  415.0 |
       Volcano |    306 |    306 |      0 |     61 |     58 |   1 |  306.0 |
               +--------+--------+--------+--------+--------+-----+--------+

Top non-repeatable levels by time:
Depths:3: 3622 daAuts
Vaults:1: 3385 daAuts
Vaults:4: 3297 daAuts
Vaults:2: 3048 daAuts
 Crypt:3: 2890 daAuts
Vaults:5: 2882 daAuts
    D:12: 2732 daAuts
    Hell: 2586 daAuts
Shoals:4: 2461 daAuts
Vaults:3: 2382 daAuts
 Crypt:2: 2349 daAuts
   Orc:2: 2330 daAuts
    D:11: 2319 daAuts
   Elf:3: 2171 daAuts
 Abyss:2: 2143 daAuts
